 Dungeon Crawl Stone Soup version 0.31-a0-175-g9f7f995f2b (webtiles) character file.

Game seed: 5153937418312411813

288 Moral the Trooper (level 6, -5/53 HPs)
             Began as a Ghoul Fighter on June 17, 2023.
             Slain by a gnoll
             ... wielding a +0 halberd
             ... led by a gnoll bouda
              (10 damage)
             ... on level 4 of the Dungeon.
             The game lasted 00:11:07 (2578 turns).

Moral the Trooper (Ghoul Fighter)                   Turns: 2578, Time: 00:11:07

Health: -5/53      AC:  9    Str: 22    XL:     6   Next: 31%
Magic:  5/5        EV:  9    Int:  3    God:
Gold:   183        SH:  4    Dex:  8    Spells: 5/5 levels left

rFire   . .          .
                       - Unarmed
rCold   + + .        b - +0 buckler
rNeg    + + +        a - +0 scale mail
rPois   ∞            (no helmet)
rElec   .            i - +0 cloak
rCorr   .            (no gloves)
SInv    .            d - +0 pair of boots
Will    .....        s - amulet of regeneration Stlth
                     r - ring of protection from cold
HPRegen 0.00/turn    (no ring)
MPRegen 0.09/turn

%: no passive effects
@: inhibited regen
A: claws 1, cold resistance 1, negative energy resistance 3, inhibited
regeneration, torment resistance 2, devour on kill
a: no special abilities


You were on level 4 of the Dungeon.
You visited 1 branch of the dungeon, and saw 4 of its levels.

You collected 183 gold pieces.

Inventory:

Armour
 a - a +0 scale mail (worn)
 b - a +0 buckler (worn)
 d - a +0 pair of boots (worn)
 i - a +0 cloak (worn)
Jewellery
 r - a ring of protection from cold (left claw)
 s - an amulet of regeneration (around neck)
Scrolls
 e - 2 scrolls of fog {unknown}
 f - a scroll of teleportation {unknown}
 g - 2 scrolls of poison {unknown}
 k - a scroll of silence {unknown}
 l - 2 scrolls of identify {unknown}
 n - 2 scrolls of amnesia {unknown}
 p - a scroll of enchant weapon {unknown}
 q - 2 scrolls of immolation {unknown}
Potions
 c - a potion of might
 h - 2 potions of heal wounds {unknown}
 j - a potion of invisibility {unknown}
 m - a potion of resistance {unknown}
 o - 2 potions of degeneration {unknown}
 t - a potion of cancellation {unknown}


   Skills:
 + Level 4.7 Fighting
 + Level 3.8 Armour
 + Level 3.8 Shields
 + Level 4.0 Unarmed Combat


You had 5 spell levels left.
You didn't know any spells.
Your spell library contained the following spells:

 Spells                   Type           Power      Damage    Failure   Level
 Scorch                   Fire           0%         2d5       96%         2
 Ozocubu's Armour         Ice            0%         N/A       99%         3
 Flame Wave               Conj/Fire      0%         2d4       100%        4
 Summon Cactus Giant      Summ           0%         N/A       100%        6
 Ozocubu's Refrigeration  Ice            0%         4d7       100%        7


Dungeon Overview and Level Annotations

Branches:
Dungeon (4/15)
 Temple: D:4-7

Altars:
Ashenzari
Fedhas
Yredelemnul


Innate Abilities, Weirdness & Mutations

You are immune to poison.
You have sharp fingernails.
Your flesh is cold resistant. (rC+)
You are immune to negative energy. (rN+++)
You do not regenerate when monsters are visible.
You are immune to unholy pain and torment.
You thrive by killing the living.


Message History

Your attacks no longer feel as feeble.
You block the gnoll bouda's attack. The gnoll barely misses you.
The gnoll bouda barely misses you.
You scratch the gnoll bouda but do no damage.
The gnoll bouda is lightly wounded.
You block the gnoll's attack.
You barely miss the gnoll bouda.
The gnoll bouda is lightly wounded.
The gnoll bouda misses you. The gnoll closely misses you.
You claw the gnoll bouda!
The gnoll bouda is severely wounded.
The gnoll bouda hits you with a +0 club!
The gnoll hits you from afar with a +0 halberd.
* * * LOW HITPOINT WARNING * * *
You scratch the gnoll bouda but do no damage.
The gnoll bouda is severely wounded.
The gnoll bouda hits you but does no damage.
The gnoll barely misses you.
You claw the gnoll bouda!
You kill the gnoll bouda!
The gnoll hits you but does no damage.
Your Unarmed Combat skill increases to level 4!
The gnoll closely misses you.
The gnoll is no longer moving quickly.
The gnoll hits you from afar with a +0 halberd.
* * * LOW HITPOINT WARNING * * *
You open the door.
An elf skeleton comes into view.
You block the gnoll's attack.
There is an open door here.
You claw the elf skeleton!
The elf skeleton is lightly damaged.
The gnoll is no longer moving quickly.
The elf skeleton hits you.
* * * LOW HITPOINT WARNING * * *
The gnoll hits you from afar with a +0 halberd.
* * * LOW HITPOINT WARNING * * *
You completely miss the elf skeleton.
The elf skeleton is lightly damaged.
The gnoll hits you from afar with a +0 halberd!
You die...

####### ##
#..Z@.# ##.#
### #+###.#
##..# #.# #g#
#....##.# #g#
#...##..# #g#
.....#..# #r#
.....#..# #.#
........#######
#)#
#..........$..#
#.#


You could see 3 gnolls, a quokka and an elf skeleton.

Vanquished Creatures
  An ogre (D:3)
  A hound (D:3)
  A gnoll bouda (D:4)
  4 gnolls (D:3)
  4 adders
  A worm (D:2)
  3 dart slugs (D:3)
  2 orcs (D:3)
  5 bats
  9 endoplasms
  A giant cockroach (D:3)
  6 goblins
  7 hobgoblins
  A quokka (D:1)
  5 ball pythons
  2 frilled lizards (D:2)
  9 kobolds
  7 rats
69 creatures vanquished.

Notes
Turn   | Place    | Note
-------+----------+-------------------------------------------
     0 | D:1      | Moral the Ghoul Fighter began the quest for the Orb.
     0 | D:1      | Reached XP level 1. HP: 19/19 MP: 0/0
   174 | D:1      | Reached XP level 2. HP: 26/26 MP: 1/1
   257 | D:1      | Found a faded altar of an unknown god.
   519 | D:1      | Reached XP level 3. HP: 31/31 MP: 2/2
  1395 | D:2      | Found a basalt altar of Yredelemnul.
  1462 | D:2      | Reached XP level 4. HP: 22/40 MP: 3/3
  1554 | D:3      | Found a broken altar of Ashenzari.
  1989 | D:3      | Reached XP level 5. HP: 21/46 MP: 4/4
  2237 | D:4      | Noticed an ogre
  2253 | D:3      | Killed an ogre
  2264 | D:3      | Reached XP level 6. HP: 21/53 MP: 5/5
  2490 | D:4      | Found a blossoming altar of Fedhas.
  2578 | D:4      | Slain by a gnoll

Illustrated notes

Levels and vault maps discovered:
D:1:      roderic_crop_circles_arrival_small, layout_rooms,
          shapermc_ecumenical_altar_venn, minmay_misc_feat_rows,
          columned_hall_lemuel
D:2:      layout_basic, basic_altar
D:3:      layout_basic, mainiacjoe_overflow_cross_hatched
D:4:      layout_cave_pools, nicolae_overflow_hidden_temple,
          nicolae_ossuary_entry_catacombs, chequers_serial_rivers_small_3,
          uniq_sigmund, uniq_blork_the_orc

Skill      XL: |  1  2  3  4  5  6 |
---------------+-------------------+-----
Armour         | 3 |  3.8
Shields        | 3 |  3.8
Unarmed Combat | 3 4 |  4.0
Fighting       | 4 |  4.7

Action                     |  1- 3 |  4- 6 || total
---------------------------+-------+-------++-------
  Melee: Unarmed           |   144 |   123 ||   267
 Armour: Scale mail        |    79 |    56 ||   135
  Dodge: Dodged            |    68 |    86 ||   154
  Block: Buckler           |    30 |    28 ||    58

Table legend: (Time is in decaauts)
 A = Elapsed time spent in this place.
 B = Non-inter-level travel time spent in this place.
 C = Inter-level travel time spent in this place.
 D = Time resting spent in this place.
 E = Time spent auto-exploring this place.
 F = Levels seen in this place.
 G = Mean time per level.
                   A        B        C        D        E       F      G
               +--------+--------+--------+--------+--------+-----+--------+
         Total |   2572 |   2537 |     35 |    345 |   1212 |   4 |  643.0 |
       Dungeon |   2572 |   2537 |     35 |    345 |   1212 |   4 |  643.0 |
               +--------+--------+--------+--------+--------+-----+--------+

Top non-repeatable levels by time:
     D:3: 831 daAuts
     D:2: 828 daAuts
     D:1: 708 daAuts
     D:4: 203 daAuts
